 Dungeon Crawl Stone Soup version 0.26-a0-1222-g14533b3 (webtiles) character file.

Game seed: 12435563471400495528

325 Illumine the Chopper (level 6, -1/56 HPs)
             Began as a Palentonga Fighter on Dec 30, 2020.
             Slain by an iron imp (4 damage)
             ... summoned by Eustachio
             ... on level 4 of the Dungeon.
             The game lasted 00:06:00 (3773 turns).

Illumine the Chopper (Palentonga Fighter)           Turns: 3773, Time: 00:06:01

Health: -1/56      AC:  5    Str: 21      XL:     6   Next: 24%
Magic:  6/6        EV:  7    Int:  9      God:
Gold:   194        SH:  8    Dex:  7 (9)  Spells: 5/5 levels left

rFire    + . .     SeeInvis +   a - +0 war axe
rCold    . . .     Faith    +   c - +0 kite shield
rNeg     . . .     Spirit   .   s - +1 leather armour {rF+}
rPois    .         Reflect  .   (no helmet)
rElec    .         Harm     .   (no cloak)
rCorr    .         Rampage  .   (no gloves)
Will     .....                  (no barding)
Stlth    +.........             k - amulet of faith
HPRegen  0.18/turn              (no ring)
MPRegen  0.10/turn              (no ring)

@: no status effects
A: large, rugged brown scales 3, see invisible, deformed body, roll 1, armoured
tail
a: Rolling Charge


You were on level 4 of the Dungeon.
You visited 1 branch of the dungeon, and saw 4 of its levels.

You collected 194 gold pieces.

Inventory:

Hand Weapons
 a - a +0 war axe (weapon)
 b - a +3 hunting sling
Missiles
 g - 130 stones
 r - 16 sling bullets
Armour
 c - a +0 kite shield (worn)
 d - a +0 scale mail
 s - a +1 leather armour of fire resistance (worn)
Jewellery
 k - an amulet of faith (around neck)
 A - an uncursed ring of stealth
Wands
 p - a wand of disintegration (7)
 t - a wand of enslavement (6)
 x - a wand of paralysis (8)
Scrolls
 e - a scroll of immolation {unknown}
 f - 2 scrolls of fog {unknown}
 h - 3 scrolls of remove curse {unknown}
 i - 2 scrolls of amnesia {unknown}
 m - 2 scrolls of magic mapping {unknown}
 o - a scroll of fear {unknown}
 q - a scroll of enchant armour {unknown}
 u - a scroll of teleportation {unknown}
 y - 3 scrolls of identify {unknown}
 D - a scroll of blinking {unknown}
Potions
 j - a potion of lignification {unknown}
 l - 2 potions of degeneration {unknown}
 n - 2 potions of curing {unknown}
 v - a potion of ambrosia
 w - a potion of cancellation {unknown}
 z - a potion of flight {unknown}
 B - a potion of mutation {unknown}
 C - a potion of magic {unknown}


   Skills:
 + Level 4.3 Fighting
 * Level 5.0 Axes
 + Level 2.9 Armour
 + Level 2.9 Shields


You had 5 spell levels left.
You didn't know any spells.
Your spell library was empty.

Dungeon Overview and Level Annotations

Branches:
Dungeon (4/15)
 Temple: D:4-7

Altars:
Wu Jian

Annotations:
D:4 Eustachio


Innate Abilities, Weirdness & Mutations

You are completely covered in rugged brown scales. (AC +3, +7% HP)
You have supernaturally acute eyesight. (SInv)
Armour fits poorly on your strangely shaped body.
You can roll at nearby foes to attack.
You have a long armoured tail.


Message History

The iron imp shouts, "Decamp, thou artless tip-merry fustilarian!"
The iron imp barely misses you.
You closely miss Eustachio.
Your tail-slap misses Eustachio.
Eustachio is almost dead.
You hit the bat.
You kill the bat!
The bat's corpse disappears in a puff of smoke!
You hit the iron imp. You block Eustachio's attack.
You hit Eustachio but do no damage.
Eustachio is almost dead.
You hit the iron imp.
The iron imp hits you but does no damage.
Eustachio hits you with a +0 falchion.
* * * LOW HITPOINT WARNING * * *
You closely miss Eustachio.
Eustachio is almost dead.
You barely miss the iron imp. Eustachio hits you with a +0 falchion.
* * * LOW HITPOINT WARNING * * *
The iron imp hits you.
You die...

#PPP...♣.####..#
##..†.### #..♣
##.### ##♣♣ #.#
#.# #.# #.#
#5########♣..♣
#.@§........#
#@###########
#.# #.# #.# #..
###


You could see Eustachio and an iron imp (summoned).

Vanquished Creatures
  An ogre (D:4)
  A bullfrog (D:4)
  2 orc wizards (D:4)
  Terence (D:3)
  An adder (D:2)
  2 worms (D:2)
  2 dart slugs
  A leopard gecko (D:3)
  14 orcs
  9 bats
  3 giant cockroaches
  5 goblins
  7 hobgoblins
  5 jackals
  2 quokkas
  3 frilled lizards
  3 kobolds
  A leopard gecko skeleton (D:4)
  A quokka skeleton (D:4)
  6 rats
70 creatures vanquished.

Vanquished Creatures (others)
  A plant (D:4)
1 creature vanquished.

Grand Total: 71 creatures vanquished

Notes
Turn   | Place    | Note
-------+----------+-------------------------------------------
     0 | D:1      | Illumine the Palentonga Fighter began the quest for the
                  | Orb.
     0 | D:1      | Reached XP level 1. HP: 20/20 MP: 1/1
   229 | D:1      | Reached XP level 2. HP: 27/27 MP: 2/2
   776 | D:2      | Reached skill level 3 in Axes
  1016 | D:2      | Reached XP level 3. HP: 33/33 MP: 3/3
  1382 | D:2      | Found a faded altar of an unknown god.
  1797 | D:3      | Noticed Terence
  2249 | D:3      | Reached XP level 4. HP: 38/42 MP: 4/4
  2351 | D:3      | Found an ornate altar of the Wu Jian Council.
  2485 | D:3      | Killed Terence
  2486 | D:3      | Reached skill level 4 in Axes
  2692 | D:4      | Noticed Eustachio
  2729 | D:4      | Noticed an ogre
  3086 | D:4      | Reached XP level 5. HP: 19/49 MP: 5/5
  3412 | D:4      | Killed an ogre
  3717 | D:4      | Reached skill level 5 in Axes
  3717 | D:4      | Reached XP level 6. HP: 31/56 MP: 6/6
  3773 | D:4      | Slain by an iron imp

Illustrated notes

Levels and vault maps discovered:
D:1:      sevenhm_arrival_forest_fort_small_1, layout_basic
D:2:      layout_basic, chequers_ecumenical_altar_simple_redux
D:3:      layout_basic, pdpol_wu_jian_five_deadly_venoms, uniq_terence
D:4:      layout_loops_ring, serial_forest, infiniplex_forest_lined_room_,
          infiniplex_forest_diagonal, infiniplex_forest_straight_1,
          infiniplex_forest_lined_3, infiniplex_forest_clump_long,
          hangedman_decor_lopped, uniq_eustachio

Skill      XL: |  1  2  3  4  5 |
---------------+----------------+-----
Axes           | 3 4 5 |  5.0
Fighting       | 4 |  4.3
Armour         | |  2.9
Shields        | |  2.9

Action                   |  1- 3 |  4- 6 || total
-------------------------+-------+-------++-------
Melee: War axe           |   122 |   145 ||   267
       Tailslap          |    10 |    10 ||    20
 Fire: Hunting sling     |     1 |     2 ||     3
 Abil: Rolling Charge    |    22 |     6 ||    28
  Use: Potion            |     1 |     1 ||     2
Armor: Scale mail        |    62 |       ||    62
       Leather armour    |    16 |    98 ||   114
Dodge: Dodged            |    42 |    64 ||   106
Block: Kite shield       |    64 |    95 ||   159

Table legend: (Time is in decaauts)
 A = Elapsed time spent in this place.
 B = Non-inter-level travel time spent in this place.
 C = Inter-level travel time spent in this place.
 D = Time resting spent in this place.
 E = Time spent auto-exploring this place.
 F = Levels seen in this place.
 G = Mean time per level.
                   A        B        C        D        E       F      G
               +--------+--------+--------+--------+--------+-----+--------+
         Total |   3879 |   3677 |    202 |   1048 |   1908 |   4 |  969.8 |
       Dungeon |   3879 |   3677 |    202 |   1048 |   1908 |   4 |  969.8 |
               +--------+--------+--------+--------+--------+-----+--------+

Top non-repeatable levels by time:
     D:3: 1332 daAuts
     D:2: 1066 daAuts
     D:1: 793 daAuts
     D:4: 687 daAuts
